 Dungeon Crawl Stone Soup version 0.30.1 (webtiles) character file.

Game seed: 5797634931610533385

177 Fodor the Covered (level 5, 0/46 HPs)
             Began as a Minotaur Fighter on July 4, 2023.
             Slain by an orc
             ... wielding a +0 club
              (4 damage)
             ... on level 4 of the Dungeon.
             The game lasted 00:16:43 (3671 turns).

Fodor the Covered (Minotaur Fighter)                Turns: 3671, Time: 00:16:44

Health: 0/46       AC:  3    Str: 22    XL:     5   Next: 30%
Magic:  4/4        EV: 10    Int:  5    God:
Gold:   148        SH:  9    Dex: 10    Spells: 4/4 levels left

rFire   . . .        h - +2 dagger (flame)
rCold   . . .        c - +0 buckler
rNeg    . . .        b - +0 scale mail
rPois   +            (helmet restricted)
rElec   .            (no cloak)
rCorr   .            (no gloves)
SInv    .            (no boots)
Will    .....        m - amulet of reflection Stlth
                     i - ring of poison resistance
HPRegen 0.27/turn    (no ring)
MPRegen 0.09/turn

%: reflection
@: corroded
A: horns 2, retaliatory headbutt
a: no special abilities


You were on level 4 of the Dungeon.
You visited 1 branch of the dungeon, and saw 4 of its levels.

You collected 148 gold pieces.

Inventory:

Hand Weapons
 a - a +0 long sword
 h - a +2 dagger of flaming (weapon)
 q - a +1 hand axe of freezing
Missiles
 s - 10 boomerangs (quivered)
Armour
 b - a +0 scale mail (worn)
 c - a +0 buckler (worn)
Jewellery
 i - a ring of poison resistance (left hand)
 m - an amulet of reflection (around neck)
Wands
 v - a wand of flame (27)
Scrolls
 g - a scroll of noise {unknown}
 j - a scroll of fog {unknown}
 l - a scroll of blinking {unknown}
 o - a scroll of magic mapping {unknown}
 p - 3 scrolls of identify {unknown}
 r - 3 scrolls of teleportation {unknown}
 t - a scroll of summoning {unknown}
 u - a scroll of enchant weapon {unknown}
Potions
 d - a potion of might
 e - a potion of mutation {unknown}
 k - a potion of cancellation {unknown}
 n - a potion of degeneration {unknown}
 w - a potion of brilliance {unknown}


   Skills:
 + Level 4.2 Fighting
 + Level 1.8(2.5) Short Blades
 + Level 2.9(3.2) Long Blades
 + Level 0.1 Throwing
 + Level 4.8 Armour
 + Level 1.9 Dodging
 + Level 0.2 Stealth
 + Level 4.7 Shields


You had 4 spell levels left.
You didn't know any spells.
Your spell library contained the following spells:

 Spells                   Type           Power      Damage    Failure   Level
 Sublimation of Blood     Necr           0%         N/A       94%         2
 Wereblood                Tmut           0%         N/A       94%         2
 Frozen Ramparts          Ice            0%         1d1       99%         3
 Portal Projectile        Hex/Tloc       0%         N/A       99%         3
 Tukima's Dance           Hex            0%         N/A       99%         3
 Ice Form                 Ice/Tmut       0%         N/A       100%        4
 Summon Ice Beast         Ice/Summ       0%         N/A       100%        4
 Blade Hands              Tmut           0%         N/A       100%        5
 Summon Hydra             Summ           0%         N/A       100%        7


Dungeon Overview and Level Annotations

Branches:
Dungeon (4/15)
 Temple: D:4-7

Altars:


Innate Abilities, Weirdness & Mutations

You have a pair of horns on your head.
You reflexively headbutt those who attack you in melee.


Message History

Pain shoots through your body!
An acid dragon comes into view.
There is a stone staircase leading up, spattered with blood here.
You climb upwards.
There is a stone staircase leading down here.
You start resting.
HP restored.
You climb downwards.
The giant cockroach barely misses you. You block the orc's attack.
The orc hits you with a +2 dagger of speed.
The giant cockroach bites you but does no damage.
There is a stone staircase leading up, spattered with blood here.
You hit the orc priest. You burn the orc priest.
The orc priest is moderately wounded.
The orc barely misses you. You furiously retaliate!
You headbutt the orc!
You kill the orc!
The orc priest hits you but does no damage.
You block the orc's attack. The acid dragon spits acid at you.
The splash of acid hits you!!
Ouch! That really hurt!
The acid corrodes you!
The giant cockroach bites you but does no damage.
You hit the orc priest. You burn the orc priest.
Your headbutt misses the orc priest.
The orc priest is heavily wounded.
You block the orc priest's attack. The orc hits you but does no damage.
The giant cockroach bites you but does no damage.
You hit the orc priest. You burn the orc priest.
The orc priest is severely wounded.
You block the giant cockroach's attack. The orc hits you with a +0 mace.
* * * LOW HITPOINT WARNING * * *
The orc priest barely misses you. The orc hits you with a +0 club.
* * * LOW HITPOINT WARNING * * *
You hit the orc priest but do no damage.
The orc priest is severely wounded.
You block the giant cockroach's attack. You block the orc's attack.
The orc priest closely misses you. You furiously retaliate!
You headbutt the orc priest. The orc hits you with a +0 club.
You die...

..####. ......
##....# #.....#
###.....###
.#.........# #.#
.........).#.....
#.....B@oJ......
#.......ooD......
............)....
###!.......(.!.?.
###.........(..
#.##.#..((... #.
#######..# .. (##


You could see an acid dragon, an orc priest, 2 orcs, an endoplasm and a giant
cockroach.

Vanquished Creatures
  An orc wizard (D:2)
  4 gnolls (D:3)
  2 adders (D:2)
  2 dart slugs
  11 orcs
  8 endoplasms
  A giant cockroach (D:3)
  5 goblins
  6 hobgoblins
  3 jackals
  4 quokkas
  4 ball pythons
  4 bats
  14 frilled lizards
  4 kobolds
  7 rats
80 creatures vanquished.

Notes
Turn   | Place    | Note
-------+----------+-------------------------------------------
     0 | D:1      | Fodor the Minotaur Fighter began the quest for the Orb.
     0 | D:1      | Reached XP level 1. HP: 19/19 MP: 0/0
    75 | D:1      | Reached XP level 2. HP: 25/27 MP: 1/1
   595 | D:1      | Reached XP level 3. HP: 33/33 MP: 2/2
  1617 | D:2      | Reached skill level 1 in Dodging
  1874 | D:2      | Reached skill level 1 in Short Blades
  2496 | D:3      | Reached XP level 4. HP: 40/40 MP: 3/3
  2710 | D:2      | HP: 1/40 [orc wizard/puff of flame (5)]
  3354 | D:3      | Reached XP level 5. HP: 34/46 MP: 4/4
  3589 | D:4      | Noticed an acid dragon
  3671 | D:4      | Slain by an orc

Illustrated notes

Levels and vault maps discovered:
D:1:      spicycebolla_arrival_clurvy, layout_rooms, minivault_25,
          chequers_jeans, minmay_indecisive_spiral
D:2:      layout_loops_corners, minmay_lizard_king
D:3:      layout_loops_ring, chequers_serial_rivers_large_b, minivault_26
D:4:      layout_cave_pools

Skill      XL: |  1  2  3 |
---------------+----------+-----
Armour         | 4 |  4.8
Shields        | 4 |  4.7
Fighting       | 4 |  4.2
Dodging        | 1 |  1.9
Short Blades   | 1 |  1.8
Long Blades    | |  2.9
Throwing       | |  0.1
Stealth        | |  0.2

Action                     |  1- 3 |  4- 6 || total
---------------------------+-------+-------++-------
  Melee: Long sword        |    21 |       ||    21
         Headbutt          |    19 |     9 ||    28
         Dagger            |    66 |   102 ||   168
  Throw: Dart              |       |     8 ||     8
    Use: Potion            |       |     2 ||     2
 Armour: Scale mail        |    34 |    31 ||    65
  Dodge: Dodged            |    33 |    21 ||    54
  Block: Buckler           |    25 |    37 ||    62
         Reflection        |       |     3 ||     3
